 Dungeon Crawl Stone Soup version 0.30.0-30-g96aa6591b8 (webtiles) character file.

Game seed: 7164970193056346514

14278 monsoonserge the Thaumaturge (level 12, -8/78 HPs)
             Began as a Djinni Air Elementalist on June 27, 2023.
             Was an Elder of Elyvilon.
             Mangled by a vampire mosquito (9 damage)
             ... on level 11 of the Dungeon.
             The game lasted 01:21:06 (15813 turns).

monsoonserge the Thaumaturge (DjAE)                Turns: 15813, Time: 01:21:07

Health: -8/78      AC: 14    Str:  7    XL:     12   Next: 43%
Gold:   482        EV: 13    Int: 22    God:    Elyvilon [****..] SH:  5 Dex: 14

rFire   + + .        G - staff of conjuration
rCold   x . .        f - +0 buckler
rNeg    . . .        Y - +0 steam dragon scales
rPois   ∞            Z - +2 hat
rElec   .            q - +0 cloak
rCorr   .            e - +0 pair of gloves
SInv    .            (boots unavailable)
Will    ++...        h - amulet of the acrobat
Stlth   ++           c - +4 ring of protection
HPRegen 0.33/turn    r - ring of willpower
MPRegen 0.00/turn

%: acrobat, infuse magic (-9 HP)
@: flying, studying Armour
A: sickness immunity, fire resistance 2, cold vulnerability 1, float, innate
caster, HP casting, extra vitality 1
a: Renounce Religion, Purification, Heal Other, Heal Self


You were on level 11 of the Dungeon.
You worshipped Elyvilon.
Elyvilon was greatly pleased with you.
You visited 2 branches of the dungeon, and saw 13 of its levels.
You also visited: Sewer and Bailey.

You collected 599 gold pieces.
You spent 117 gold pieces at shops.

Inventory:

Hand Weapons
 b - a +1 vampiric bardiche
 u - a +2 heavy hand axe
 D - a +2 dagger of venom
 Q - the +5 dagger "Hofekk" {vamp, MP+9 Str+2}
   (You took it off an orc wizard on level 5 of the Dungeon)

   Str:       It affects your strength (+2).
   MP:        It affects your magic capacity (+9).
   Elyvilon disapproves of the use of such an item.
 R - a +5 flail
 U - a +0 broad axe of electrocution
 W - a +0 shortbow
 X - a +2 quarterstaff of draining
Missiles
 v - 2 boomerangs of dispersal
 z - 2 curare-tipped darts
 B - 15 poisoned darts (quivered)
 J - 31 javelins
 T - 3 boomerangs
Armour
 a - a +0 plate armour
 e - a +0 pair of gloves (worn)
 f - a +0 buckler (worn)
 j - a +0 chain mail
 q - a +0 cloak (worn)
 P - an orb of guile
 Y - +0 steam dragon scales (worn)
 Z - a +2 hat (worn)
Magical Staves
 i - a staff of poison
 G - a staff of conjuration (weapon)
Jewellery
 c - a +4 ring of protection (left hand)
 h - an amulet of the acrobat (around neck)
 r - a ring of willpower (right hand)
 V - a ring of positive energy
Wands
 n - a wand of paralysis (6)
 p - a wand of flame (16)
 M - a wand of polymorph (5)
Scrolls
 g - 2 scrolls of enchant weapon {unknown}
 l - 4 scrolls of teleportation
 m - a scroll of vulnerability {unknown}
 s - a scroll of summoning {unknown}
 t - 2 scrolls of immolation
 w - a scroll of noise {unknown}
 y - 3 scrolls of silence
 E - 2 scrolls of magic mapping {unknown}
 H - 2 scrolls of poison
 L - 7 scrolls of enchant armour
 N - 5 scrolls of fog
Potions
 d - 5 potions of heal wounds
 k - 3 potions of curing {unknown}
 o - 3 potions of flight {unknown}
 x - 2 potions of might
 A - 5 potions of brilliance
 C - a potion of haste {unknown}
 F - 3 potions of lignification
 I - a potion of attraction {unknown}
 K - a potion of magic {unknown}
 O - a potion of invisibility


   Skills:
 * Level 4.1 Fighting
 + Level 0.1 Staves
 + Level 6.2 Armour
 + Level 4.5 Dodging
 + Level 2.3 Stealth
 * Level 2.9 Shields
 * Level 12.8 Spellcasting
 * Level 4.8 Invocations
 + Level 0.8 Evocations


You knew the following spells:

 Your Spells              Type           Power      Damage    Failure   Level
a - Shock                 Conj/Air       100%       1d9       1%          1
b - Static Discharge      Conj/Air       100%       2-7/arc   1%          2
c - Swiftness             Air            63%        N/A       1%          3
d - Airstrike             Air            31%        2d(5-21)  1%          4
e - Summon Small Mammal   Summ           100%       N/A       1%          1
f - Wereblood             Tmut           63%        N/A       1%          2
g - Blink                 Tloc           100%       N/A       1%          2
h - Portal Projectile     Hex/Tloc       100%       N/A       1%          3
i - Metabolic Englaciati  Hex/Ice        31%        N/A       1%          5
Your spell library was empty.

Dungeon Overview and Level Annotations

Branches:
Dungeon (12/15)            Temple (1/1) D:5            Lair (0/5) D:9
    Orc (0/2) D:9           Sewer (visited)          Bailey (visited)

Altars:
Ashenzari
Cheibriados
Dithmenos
Elyvilon
Fedhas
Gozag
Hepliaklqana
Makhleb
Nemelex Xobeh
Okawaru
Qazlal
Ru
Trog
Uskayaw
Wu Jian
Xom
Yredelemnul
Zin
The Shining One

Shops:
D:5 *   D:6 !


Innate Abilities, Weirdness & Mutations

You are immune to sickness and miasma.
You are immune to poison.
Your flesh is very heat resistant. (rF++)
You are vulnerable to cold. (rC-)
You float through the air rather than walking.
You learn spells naturally, not from books.
Your magical power is your life essence.
You have superior vitality. (+4 MHP)


Message History

The vampire mosquito is almost destroyed.
The lightning grounds out.
The vampire mosquito is struck by an arc of lightning.
The vampire mosquito is heavily damaged.
You are struck by an arc of lightning.
* * * LOW HITPOINT WARNING * * *
The vampire mosquito is struck by an arc of lightning.
The vampire mosquito is severely damaged.
The vampire mosquito is struck by an arc of lightning!
You destroy the vampire mosquito!
The lightning grounds out.
* * * LOW HITPOINT WARNING * * *
The vampire mosquito bites you.
* * * LOW HITPOINT WARNING * * *
The vampire mosquito bites you!
* * * LOW HITPOINT WARNING * * *
You swap places.
Your rat closely misses the vampire mosquito.
Casting: Static Discharge (safe; 1% risk of failure)
Confirm with . or Enter, or press ? or * to list all spells.
Aiming: Shock (safe; 1% risk of failure)
Press: ? - help, Shift-Dir - straight line, f - vampire mosquito
Aim: a vampire mosquito (severely damaged, slow, ally target, 57% to hit)
You feel a surge of power!
The zap hits the vampire mosquito.
The vampire mosquito is almost destroyed.
* * * LOW HITPOINT WARNING * * *
The vampire mosquito bites you.
* * * LOW HITPOINT WARNING * * *
Your rat misses the vampire mosquito.
Casting: Shock (safe; 1% risk of failure)
Confirm with . or Enter, or press ? or * to list all spells.
Aiming: Shock (safe; 1% risk of failure)
Press: ? - help, Shift-Dir - straight line, f/p - vampire mosquito
Aim: a vampire mosquito (almost destroyed, slow, ally target, 57% to hit)
You feel a surge of power!
The zap misses the vampire mosquito.
* * * LOW HITPOINT WARNING * * *
The vampire mosquito bites you. Elyvilon protects you from harm!
The vampire mosquito bites you!
You die...

#....(...........##...>.
#.......................
#.............^.........
##..............>.......
#.......................
#.......................
#................#.....c
#...............##.#....
#..†..y@....#.#.##..###.
##..>.r[..#......##. ...
##......##.##....# ###.
#########.# (#..# ..
#######.##....#
##.....#........ #
##....)............
#..................
#.................


You could see a vampire mosquito (slow, ally target) and a friendly rat
(summoned).

Vanquished Creatures
  A two-headed ogre (D:9)
  Maurice (D:8)
  Joseph (D:9)
  Maggie (D:9)
  A hornet (D:10)
  Prince Ribbit (D:9)
  Sigmund (D:4)
  3 wyverns
  A shadow (D:10)
  27 yaks
  A steam dragon (D:7)
  5 vampire mosquitoes
  Edmund (D:6)
  A water moccasin (D:7)
  2 black bears (D:5)
  3 ice beasts
  A sky beast (D:7)
  15 orc warriors
  2 ogres
  15 centaurs
  A phantom (D:5)
  4 kobold brigands (Sewer)
  4 necrophages (D:7)
  A bullfrog (D:7)
  A gnoll sergeant (D:5)
  2 scorpions
  27 killer bees
  A howler monkey (D:8)
  A hound (D:5)
  10 orc priests
  Crazy Yiuf (D:4)
  A gnoll bouda (D:4)
  4 jellies
  A sleepcap (D:4)
  4 iguanas
  11 orc wizards
  2 killer bee zombies (D:7)
  A mummy (D:5)
  10 gnolls
  11 adders
  2 river rats (Sewer)
  A white imp (D:5)
  4 ufetubi
  4 worms
  67 orcs
  8 endoplasms
  6 giant cockroaches
  10 hobgoblins
  3 jackals (D:1)
  2 quokkas
  8 ball pythons
  11 bats
  3 frilled lizards (D:1)
  16 goblins
  10 kobolds
  8 rats
345 creatures vanquished.

Notes
Turn   | Place    | Note
-------+----------+-------------------------------------------
     0 | D:1      | monsoonserge the Djinni Air Elementalist began the quest
                  | for the Orb.
     0 | D:1      | monsoonserge set off with the following spells memorised:
                  | Shock, Static Discharge, Swiftness, Airstrike.
     0 | D:1      | Reached XP level 1. HP: 15/15 MP: 0/0
    63 | D:1      | Reached XP level 2. HP: 13/21 MP: 0/0
   174 | D:1      | Found a faded altar of an unknown god.
   269 | D:1      | Reached skill level 3 in Spellcasting
   312 | D:1      | Reached XP level 3. HP: 24/25 MP: 0/0
   312 | D:1      | Learned a level 1 spell: Summon Small Mammal
   812 | D:1      | Reached XP level 4. HP: 18/31 MP: 0/0
  1190 | D:2      | Reached XP level 5. HP: 35/35 MP: 0/0
  1190 | D:2      | Learned a level 2 spell: Wereblood
  1606 | D:3      | Found a hazy altar of Hepliaklqana.
  1923 | D:4      | Reached skill level 4 in Spellcasting
  2003 | D:4      | Reached XP level 6. HP: 6/40 MP: 0/0
  2173 | D:4      | Found a broken altar of Ashenzari.
  2276 | D:4      | Found a glowing drain.
  2290 | Sewer    | Entered a sewer
  2426 | Sewer    | Reached skill level 1 in Armour
  2426 | Sewer    | Reached skill level 5 in Spellcasting
  2468 | Sewer    | Reached XP level 7. HP: 38/46 MP: 0/0
  2468 | Sewer    | Learned a level 2 spell: Blink
  3026 | D:4      | Found a runed translucent door.
  3027 | D:4      | Noticed Crazy Yiuf
  3662 | D:4      | Noticed Sigmund
  3667 | D:4      | Killed Sigmund
  3668 | D:4      | Reached skill level 6 in Spellcasting
  3668 | D:4      | Reached XP level 8. HP: 47/51 MP: 0/0
  4027 | D:4      | Killed Crazy Yiuf
  4177 | D:5      | Entered Level 5 of the Dungeon
  4177 | D:5      | Found a shadowy altar of Dithmenos.
  4536 | D:5      | Found a staircase to the Ecumenical Temple.
  4560 | Temple   | Entered the Ecumenical Temple
  4707 | Temple   | Became a worshipper of Elyvilon the Healer
  4753 | D:5      | Reached skill level 1 in Fighting
  4838 | D:5      | Reached skill level 7 in Spellcasting
  4965 | D:5      | Found Lipetroe's Assorted Antiques.
  5020 | D:5      | Identified the +5 dagger "Hofekk" {vamp, MP+9 Str+2}
  5154 | D:5      | Reached XP level 9. HP: 20/58 MP: 0/0
  5154 | D:5      | Learned a level 3 spell: Portal Projectile
  5629 | D:5      | Found a snail-covered altar of Cheibriados.
  5734 | D:5      | Reached * piety under Elyvilon
  5878 | D:5      | Reached skill level 8 in Spellcasting
  6045 | D:6      | Reached skill level 1 in Invocations
  6192 | D:6      | Found a basalt altar of Yredelemnul.
  6248 | D:6      | Noticed Edmund
  6257 | D:6      | Killed Edmund
  6857 | D:6      | Found Mith's Distillery.
  6863 | D:6      | Bought a potion of heal wounds for 65 gold pieces
  6863 | D:6      | Bought a potion of brilliance for 52 gold pieces
  6879 | D:7      | Reached ** piety under Elyvilon
  7253 | D:7      | Reached skill level 9 in Spellcasting
  7548 | D:7      | Reached XP level 10. HP: 50/64 MP: 0/0
  7773 | D:7      | Reached *** piety under Elyvilon
  7786 | D:7      | Elyvilon protects you from harm!
  8060 | D:7      | Found an iron altar of Okawaru.
  8061 | D:7      | Found a glowing golden altar of the Shining One.
  8129 | D:7      | Found a blossoming altar of Fedhas.
  8403 | D:8      | Noticed Maurice
  8435 | D:8      | Killed Maurice
  8436 | D:8      | Reached skill level 5 in Armour
  8436 | D:8      | Reached skill level 10 in Spellcasting
  8658 | D:8      | Found a flagged portal.
  8793 | Bailey   | Entered a bailey
  9824 | Bailey   | Reached XP level 11. HP: 58/69 MP: 0/0
  9824 | Bailey   | Learned a level 5 spell: Metabolic Englaciation
 10436 | D:8      | Reached skill level 11 in Spellcasting
 10820 | D:8      | Found a burning altar of Makhleb.
 11366 | D:9      | Noticed Joseph
 11398 | D:9      | Killed Joseph
 11584 | D:9      | Noticed Maggie
 11609 | D:9      | Killed Maggie
 12144 | D:9      | Reached skill level 1 in Shields
 12315 | D:9      | Noticed a two-headed ogre
 12678 | D:9      | Found a staircase to the Orcish Mines.
 12723 | D:9      | Found a staircase to the Lair.
 12723 | D:9      | Noticed Prince Ribbit
 12733 | D:9      | Killed Prince Ribbit
 12890 | D:9      | Found an ornate altar of the Wu Jian Council.
 13016 | D:9      | Reached skill level 12 in Spellcasting
 13137 | D:10     | Entered Level 10 of the Dungeon
 13245 | D:10     | Reached **** piety under Elyvilon
 13292 | D:10     | Reached XP level 12. HP: 36/78 MP: 0/0
 13976 | D:9      | Killed a two-headed ogre
 15812 | D:11     | HP: 2/78 [vampire mosquito (4)]
 15813 | D:11     | Elyvilon protects you from harm!
 15813 | D:11     | Mangled by a vampire mosquito

Illustrated notes

Levels and vault maps discovered:
D:1:      matt_arrival_los_fun, layout_basic, basic_ecumenical_altar
D:2:      kennysheep_the_goblin_king, layout_basic
D:3:      layout_loops_cross, mainiacjoe_overflow_catwalk,
          mainiacjoe_overflow_boulevard
D:4:      layout_basic, ashenzari_altar_1, portal_sewer_entry_f,
          kennysheep_generic_room_7, uniq_crazy_yiuf_cottage, uniq_sigmund
D:5:      minmay_evil_eye, layout_loops_ring, chei_slow_surprise,
          nicolae_dithmenos_the_darkroom, temple_pool_b, serial_shops,
          nicolae_shop_overgrown_old_shop, nrook_campfire,
          nicolae_underground_beach
D:6:      layout_cave_pools, yredelemnul_altar_generic, serial_shops,
          nicolae_shop_pleasant_corner_grove, serial_column_ruins,
          column_ruins_open_small, column_ruins_grid_1,
          column_ruins_open_small_water, column_ruins_corridor_straight,
          column_ruins_open_tiny, uniq_edmund
D:7:      layout_loops_ring, fedhas_altar_decomposition,
          nicolae_overflow_two_pavilions
D:8:      layout_loops_ring, old_standard_altar, enter_bailey_3, uniq_maurice
D:9:      layout_loops_ring, nicolae_wu_jian_immortal_techniques,
          lair_entry_dummy, hiddenorc1_lemuel, uniq_joseph, uniq_maggie,
          uniq_prince_ribbit1
D:10:     layout_gridville
D:11:     layout_rooms, minmay_lindwurm_lava
D:12:     layout_rooms, grunt_ministairs_7, dk_noncrumbling_4
Temple:   nicolae_temple_bog_church

Skill      XL: |  1  2  3  4  5  6  7  8  9 10 11 12 |
---------------+-------------------------------------+-----
Spellcasting   | 3 4 5 6 7 9 10 12 | 12.8
Stealth        | 2 |  2.3
Armour         | 1 2 3 4 5 6 |  6.2
Dodging        | 3 4 |  4.5
Fighting       | 2 3 4 |  4.1
Invocations    | 1 3 4 |  4.8
Shields        | 1 2 |  2.9
Staves         | |  0.1
Evocations     | |  0.8

Action                     |  1- 3 |  4- 6 |  7- 9 | 10-12 || total
---------------------------+-------+-------+-------+-------++-------
  Melee: Short sword       |     3 |     2 |       |       ||     5
         Falchion          |       |     1 |       |       ||     1
         Dagger            |       |       |     1 |       ||     1
         Staff             |       |       |     8 |    10 ||    18
         Punch             |       |       |     1 |       ||     1
   Cast: Shock             |    63 |   110 |   234 |   495 ||   902
         Static Discharge  |       |     4 |     4 |    17 ||    25
         Wereblood         |       |       |     2 |       ||     2
         Airstrike         |       |       |    21 |    67 ||    88
         Summon Small Mamm |       |       |     5 |     2 ||     7
         Blink             |       |       |     4 |     9 ||    13
         Portal Projectile |       |       |       |     1 ||     1
         Metabolic Englaci |       |       |       |    40 ||    40
 Invoke: Heal Self         |       |       |       |     3 ||     3
  Evoke: Wand              |       |       |       |     6 ||     6
    Use: Scroll            |       |       |       |     9 ||     9
   Stab: Sleeping          |       |       |     1 |       ||     1
 Armour: Robe              |    11 |     3 |       |       ||    14
         Leather armour    |       |     5 |    22 |       ||    27
         Ring mail         |       |       |    23 |    24 ||    47
         Scale mail        |       |       |       |    16 ||    16
         Steam dragon scal |       |       |       |    66 ||    66
  Dodge: Dodged            |     7 |    20 |    46 |   200 ||   273
  Block: Buckler           |       |       |       |    36 ||    36
